Map: Distant Plane

Players

Chuckles - Winner!

  • Race: Zerg Zerg

RuggedRaw - Winner!

  • Race: Protoss Protoss

HHH

  • Race: Protoss Protoss

Tenonee

  • Race: Zerg Zerg

VOD

Have the link to the VOD?

Description

Time

  • Played on: July 18, 2016, 6:28 a.m.
  • Length: 6:28
Show
View Real Time Build Order
Export as new Build Order

Chuckles Zerg - Winner!

Build Orders: Hatch First 

Get SALT Encoding   

  12  0:01  Drone  
  13  0:12  Overlord  
  13  0:21  Drone  
  14  0:30  Drone x2  
  14  0:34  Drone  
  17  0:55  Hatchery  
  16  0:57  Drone  
  16  1:04  Drone  
  18  1:06  Extractor  
  17  1:19  Spawning Pool  
  17  1:20  Drone  
  17  1:26  Drone  
  17  1:28  Drone  
  20  1:50  Overlord  
  20  2:01  Hatchery  
  19  2:07  Spine Crawler  
  18  2:09  Queen  
  18  2:10  Spine Crawler  
  18  2:11  Zergling x4  
  21  2:19  Metabolic Boost  
  21  2:25  Zergling x2  
  21  2:27  Zergling x2  
  23  2:39  Zergling x2  
  24  2:52  Queen  
  26  3:00  Zergling x2  
  26  3:01  Zergling x2  
  28  3:22  Zergling x4  
  27  3:35  Zergling x2  
  27  3:39  Zergling x4  
  27  3:40  Queen, Zergling x2  
  32  3:41  Zergling x2  
  33  3:56  Zergling x2  
  34  4:06  Zergling x4  
  34  4:08  Overlord x3  
  36  4:14  Lair  
  34  4:26  Zergling x6  
  37  4:32  Zergling x4  
  38  4:39  Zergling x2  
  38  4:49  Drone x2  
  38  4:51  Drone  
  38  4:52  Zergling x2  
  42  4:53  Zergling x2  
  42  4:55  Roach Warren  
  42  5:04  Zergling x8  
  41  5:20  Zergling x10  
  45  5:23  Zergling x2  
  44  5:34  Zergling x4  
  41  5:47  Drone  
  41  5:48  Drone  
  43  5:51  Drone  
  43  5:52  Drone  
  43  5:53  Extractor  
  43  6:05  Drone x4  
Show
View Real Time Build Order
Export as new Build Order

RuggedRaw Protoss - Winner!

Build Orders: Oracle Opening 

Get SALT Encoding   

  12  0:01  Probe (Chrono Boost)  
  13  0:12  Probe (Chrono Boost)  
  14  0:22  Probe (Chrono Boost)  
  14  0:23  Pylon  
  15  0:41  Probe (Chrono Boost), Gateway  
  16  0:45  Assimilator  
  16  0:52  Probe (Chrono Boost)  
  17  1:02  Probe (Chrono Boost)  
  18  1:13  Probe (Chrono Boost)  
  19  1:24  Probe (Chrono Boost)  
  20  1:29  Cybernetics Core  
  20  1:35  Probe (Chrono Boost)  
  21  1:53  Assimilator  
  21  1:57  Probe (Chrono Boost)  
  22  2:09  Probe (Chrono Boost)  
  22  2:10  Pylon  
  23  2:18  Pylon  
  23  2:22  Gateway  
  23  2:29  Stargate  
  23  2:43  Mothership Core (Chrono Boost)  
  25  2:51  Gateway  
  25  2:53  Pylon  
  25  2:55  Warp Gate  
  27  3:10  Oracle, Pylon  
  32  3:21  Adept  
  32  3:24  Adept  
  32  3:30  Pylon  
  32  3:38  Adept  
  33  3:50  Zealot  
  33  3:51  Zealot  
  37  4:05  Zealot  
  39  4:10  Oracle  
  42  4:46  Oracle  
  45  5:04  Stalker x2  
  45  5:05  Stalker  
  41  5:32  Stalker x3  
  45  5:43  Nexus  
  45  5:54  Probe (Chrono Boost)  
  46  6:03  Stalker x3  
  52  6:10  Probe (Chrono Boost)  
  53  6:18  Pylon  
Show
View Real Time Build Order
Export as new Build Order

HHH Protoss 

Build Orders:  

Get SALT Encoding   

  12  0:01  Probe (Chrono Boost)  
  13  0:11  Probe (Chrono Boost)  
  14  0:20  Pylon  
  14  0:25  Probe (Chrono Boost)  
  15  0:38  Probe (Chrono Boost)  
  16  0:44  Forge  
  16  0:49  Probe (Chrono Boost)  
  17  0:59  Probe (Chrono Boost)  
  18  1:10  Probe (Chrono Boost)  
  19  1:18  Pylon  
  19  1:31  Pylon x2  
  19  1:34  Pylon  
  19  1:37  Probe (Chrono Boost)  
  20  1:44  Pylon  
  20  1:47  Probe (Chrono Boost)  
  20  1:50  Photon Cannon  
  21  1:56  Pylon  
  21  1:58  Photon Cannon  
  21  2:05  Photon Cannon  
  21  2:12  Probe (Chrono Boost)  
  22  2:21  Pylon  
  22  2:27  Photon Cannon  
  22  2:30  Pylon  
  22  2:31  Probe (Chrono Boost)  
  23  2:47  Photon Cannon  
  23  2:49  Photon Cannon  
  23  2:55  Pylon  
  23  3:04  Assimilator  
  23  3:07  Assimilator  
  23  3:25  Gateway  
  23  3:31  Photon Cannon  
  23  3:43  Photon Cannon  
  23  3:51  Photon Cannon  
  23  3:59  Probe (Chrono Boost)  
  14  4:18  Cybernetics Core  
  13  4:26  Probe (Chrono Boost)  
  14  4:40  Probe (Chrono Boost)  
  15  4:50  Probe (Chrono Boost)  
  13  5:05  Photon Cannon  
  13  5:33  Probe (Chrono Boost)  
  14  5:37  Stargate  
  14  5:55  Probe (Chrono Boost)  
Show
View Real Time Build Order
Export as new Build Order

Tenonee Zerg 

Build Orders: Hatch First 

Get SALT Encoding   

  12  0:01  Drone  
  13  0:09  Drone  
  14  0:34  Hatchery  
  13  0:38  Drone  
  13  0:42  Extractor  
  13  0:59  Spawning Pool  
  13  1:01  Drone  
  13  1:09  Overlord  
  13  1:15  Drone  
  14  1:31  Drone  
  14  1:32  Drone  
  16  1:39  Drone  
  17  1:48  Metabolic Boost  
  17  1:58  Queen  
  19  2:04  Queen  
  21  2:09  Drone  
  21  2:13  Drone  
  24  2:15  Drone  
  24  2:34  Pneumatized Carapace  
  24  2:42  Hatchery  
  23  2:51  Drone x3  
  26  3:01  Overlord  
  26  3:05  Drone x2  
  28  3:17  Overlord  
  28  3:21  Zergling x4  
  28  3:22  Zergling x2  
  28  3:26  Queen  
  31  3:29  Overlord  
  33  3:38  Drone x4  
  33  3:39  Drone  
  38  3:58  Queen  
  38  3:59  Drone  
  38  4:00  Drone x7  
  48  4:07  Spore Crawler  
  48  4:09  Spore Crawler  
  45  4:14  Queen  
  47  4:18  Spore Crawler  
  46  4:24  Drone x3  
  46  4:25  Drone x2  
  49  4:41  Zergling x18  
  58  4:52  Extractor x2  
  56  4:53  Extractor, Drone x3  
  51  5:09  Zergling x2  
  51  5:10  Zergling x16  
  52  5:16  Queen x3  
  44  5:22  Zergling x6  
  45  5:32  Zergling x6  
  43  5:41  Drone x3  
  37  6:05  Zergling x8  
Tags
 
Add a new tag
Caveats
  • Supply blocks, unpowered buildings, or Contaminate may cause inaccurate times.
  • Supply counts are checked every 10 seconds.